 Dungeon Crawl Stone Soup version 0.17.0-73-gb648821 (webtiles) character file.

100 seanery28 the Gusty (level 4, 0/24 HPs)
             Began as a Tengu Air Elementalist on Dec 11, 2015.
             Slain by Mishna's ghost (8 damage)
             ... on level 3 of the Dungeon.
             The game lasted 00:13:57 (2449 turns).

seanery28 the Gusty (Tengu Air Elementalist)        Turns: 2449, Time: 00:13:57

Health: 0/24       AC:  3    Str:  8    XL:     4   Next: 73%
Magic:  0/9        EV: 12    Int: 17    God:
Gold:   75         SH:  0    Dex: 14    Spells: 1 memorised, 8 levels left

rFire  . . .     SeeInvis .     g - +0 falchion
rCold  . . .     Clarity  .     w - +0 leather armour
rNeg   . . .     SustAt   .     (no shield)
rPois  .         Gourm    .     (helmet restricted)
rElec  .         Spirit   .     (no cloak)
rCorr  .         Warding  .     (no gloves)
rMut   .         Stasis   .     (boots unavailable)
MR     .....                    (no amulet)
Stlth  +++.......               n - ring of stealth
                                h - ring of wizardry

@: not resistant to hostile enchantments, fairly stealthy
A: beak, talons 3
a: no special abilities


You were on level 3 of the Dungeon.
You were not hungry.

You visited 1 branch of the dungeon, and saw 3 of its levels.

You collected 75 gold pieces.

Inventory:

Hand Weapons
 g - a +0 falchion (weapon)
Armour
 a - a +0 robe
 w - a +0 leather armour (worn)
Jewellery
 h - a ring of wizardry (left hand)
 n - a ring of stealth (right hand)
Wands
 l - a wand of flame (7)
 u - a wand of paralysis (17)
Scrolls
 f - a scroll of magic mapping
 j - a scroll of amnesia {unknown}
 o - a scroll of noise {unknown}
 q - 2 scrolls of identify {unknown}
 r - 2 scrolls of remove curse {unknown}
 s - a scroll of immolation {unknown}
 t - a scroll of recharging {unknown}
 x - a scroll of enchant weapon {unknown}
Potions
 e - a potion of ambrosia {unknown}
 i - a potion of brilliance {unknown}
 k - a potion of flight {unknown}
 m - a potion of agility {unknown}
 v - a potion of curing {unknown}
Books
 b - a book of Air

   Spells                             Type                      Level
   a - Shock                          Conjuration/Air              1
   b - Swiftness                      Charms/Air                   2
   c - Repel Missiles                 Charms/Air                   2
   d - Static Discharge               Conjuration/Air              3
   e - Lightning Bolt                 Conjuration/Air              5
Comestibles
 c - 3 bread rations
 d - 8 chunks of flesh
 p - 12 fruits


   Skills:
 + Level 0.2 Fighting
 * Level 0.4 Long Blades
 - Level 2.2 Dodging
 - Level 2.0 Stealth
 * Level 3.0 Spellcasting
 * Level 2.9 Conjurations
 * Level 5.2 Air Magic


You had 8 spell levels left.
You knew the following spells:

 Your Spells              Type           Power        Failure   Level  Hunger
a - Shock                 Conj/Air       ###.         2%          1    None


Dungeon Overview and Level Annotations

Branches:
Dungeon (3/15)

Altars:
Fedhas

Annotations:
D:3 Mishna's ghost, weakling TrMo


Innate Abilities, Weirdness & Mutations

You have a beak for a mouth.
You have claws for feet.


Message History

Press: ? - help, Shift-Dir - straight line, f/p - Mishna's ghost
Aim: Mishna's ghost (lightly damaged)
The zap hits Mishna's ghost.
Mishna's ghost is lightly damaged.
Mishna's ghost barely misses you.
Casting: Shock
Confirm with . or Enter, or press ? or * to list all spells.
Aiming: Shock
Press: ? - help, Shift-Dir - straight line, f/p - Mishna's ghost
Aim: Mishna's ghost (lightly damaged)
The zap hits Mishna's ghost.
Mishna's ghost is lightly damaged.
Mishna's ghost hits you but does no damage.
You hit Mishna's ghost but do no damage.
Mishna's ghost is lightly damaged.
Mishna's ghost hits you!
You barely miss Mishna's ghost. You peck Mishna's ghost.
Mishna's ghost is moderately damaged.
Mishna's ghost hits you. Mishna's ghost hits you!
You die...

#....# #..........### #.####
#............. #.# #.............
#.# #..........).. ..# #######
#............. #.# #.....#
#.............
#.########.###.#####.............
.>...............W.<.............
...#######.###.#@###.......######
#..#######'###...###.......#
.....))..)......###....#####
#########.......###....#
#..............# #..............#
######.......### #.......#
#.......#


You could see Mishna's ghost.

Vanquished Creatures
  3 adders
  An ooze (D:1)
  2 worms (D:3)
  4 giant geckos
  4 orcs (D:3)
  2 giant cockroaches (D:2)
  10 goblins
  8 hobgoblins
  2 jackals (D:2)
  3 kobolds
  3 bats
  6 giant newts
  9 rats
57 creatures vanquished.

Notes
Turn   | Place    | Note
--------------------------------------------------------------
     0 | D:1      | seanery28 the Tengu Air Elementalist began the quest for the Orb.
     0 | D:1      | Reached XP level 1. HP: 10/10 MP: 4/4
   193 | D:1      | Reached XP level 2. HP: 7/15 MP: 0/6
   710 | D:1      | Reached XP level 3. HP: 19/19 MP: 0/8
  1619 | D:2      | Reached XP level 4. HP: 6/24 MP: 6/9
  1781 | D:2      | Reached skill level 5 in Air Magic
  1931 | D:2      | Found a blossoming altar of Fedhas.
  2420 | D:3      | Noticed Mishna's ghost (weakling TrMo)
  2449 | D:3      | Slain by Mishna's ghost

Action                   |  1- 3 |  4- 6 || total
-------------------------+-------+-------++-------
Melee: Unarmed           |    35 |     3 ||    38
       Falchion          |       |     9 ||     9
 Cast: Shock             |    57 |    63 ||   120
  Use: Scroll            |     2 |       ||     2
  Eat: Chunk             |     2 |       ||     2
       Meat ration       |       |     1 ||     1
